 Dungeon Crawl Stone Soup version 0.27-a0-695-gb4952372f7 (webtiles) character file.

Game seed: 7268329509942128338

147 jestyr24 the Skirmisher (level 5, 47/47 HPs)
             Began as a Minotaur Fighter on Mar 20, 2021.
             Was a Believer of Lugonu.
             Quit the game on level 3 of the Dungeon on Mar 21, 2021.
             The game lasted 00:08:30 (2531 turns).

jestyr24 the Skirmisher (Minotaur Fighter)          Turns: 2531, Time: 00:08:31

Health: 47/47      AC:  8    Str: 21    XL:     5   Next: 7%
Magic:  4/4        EV:  8    Int:  5    God:    Lugonu [**....]
Gold:   103        SH:  9    Dex: 10    Spells: 4/4 levels left

rFire    . . .     SeeInvis .   a - +0 long sword
rCold    . . .     Faith    .   c - +0 kite shield
rNeg     . . .     Spirit   .   b - +0 scale mail
rPois    .         Reflect  .   (helmet restricted)
rElec    .         Harm     .   e - +0 cloak
rCorr    .         Rampage  .   (no gloves)
Will     .....                  (no boots)
Stlth    ..........             (no amulet)
HPRegen  0.15/turn              (no ring)
MPRegen  0.09/turn              (no ring)

@: no status effects
A: horns 2, retaliatory headbutt
a: Renounce Religion, Depart the Abyss, Bend Space


You were on level 3 of the Dungeon.
You worshipped Lugonu.
Lugonu was pleased with you.
You visited 1 branch of the dungeon, and saw 3 of its levels.

You collected 103 gold pieces.

Inventory:

Hand Weapons
 a - a +0 long sword (weapon)
Missiles
 j - 4 javelins (quivered)
Armour
 b - a +0 scale mail (worn)
 c - a +0 kite shield (worn)
 e - a +0 cloak (worn)
 f - a +0 kite shield
Scrolls
 g - a scroll of acquirement {unknown}
 h - 4 scrolls of identify {unknown}
 i - 2 scrolls of magic mapping {unknown}
 k - a scroll of enchant armour {unknown}
 p - 2 scrolls of enchant weapon {unknown}
Potions
 d - a potion of might
 l - a potion of attraction {unknown}
 m - 2 potions of heal wounds {unknown}
 n - a potion of cancellation {unknown}
 o - a potion of degeneration {unknown}
 q - a potion of mutation {unknown}


   Skills:
 + Level 4.5 Fighting
 + Level 4.2 Long Blades
 + Level 4.4 Armour
 + Level 1.0 Dodging
 + Level 4.4 Shields


You had 4 spell levels left.
You didn't know any spells.
Your spell library contained the following spells:

 Spells                   Type           Power      Damage    Failure   Level
 Animate Skeleton         Necr           0%         N/A       99%         1
 Apportation              Tloc           0%         N/A       99%         1
 Corona                   Hex            0%         N/A       99%         1
 Summon Small Mammal      Summ           0%         N/A       99%         1
 Swiftness                Air            0%         N/A       100%        2
 Leda's Liquefaction      Hex/Erth       0%         N/A       100%        4
 Yara's Violent Unravell  Hex/Tmut       0%         3d3       100%        5
 Tornado                  Air            0%         N/A       100%        9


Dungeon Overview and Level Annotations

Branches:
Dungeon (3/15)

Altars:
Lugonu


Innate Abilities, Weirdness & Mutations

You have a pair of horns on your head.
You reflexively headbutt those who attack you in melee.


Message History

Found 7 gold pieces.
You see here a hobgoblin corpse.
You now have 70 gold pieces (gained 4).
You now have 77 gold pieces (gained 7).
q - a puce potion A dart slug comes into view.
The dart slug launches a dart at you. The slug dart hits you.
You slash the dart slug!
The dart slug is almost dead.
You block the dart slug's attack.
You completely miss the dart slug. You headbutt the dart slug.
You kill the dart slug!
You see here a dart slug corpse.
A leopard gecko comes into view.
The leopard gecko hisses angrily.
Found 9 gold pieces.
A leopard gecko is nearby!
Found an escape hatch in the floor.
You closely miss the leopard gecko. The leopard gecko bites you.
You barely miss the leopard gecko. You headbutt the leopard gecko.
You kill the leopard gecko!
You see here a leopard gecko corpse.
You now have 86 gold pieces (gained 9).
Found a faded altar of an unknown god.
There is a faded altar of an unknown god here.
There is a faded altar of an unknown god here.
You cannot tell which god this altar belongs to.
Convert to them anyway?
Okay, then.
You cannot tell which god this altar belongs to.
Convert to them anyway?
Uppercase [Y]es or [N]o only, please.
You cannot tell which god this altar belongs to.
Convert to them anyway?
Lugonu accepts your prayer! Lugonu welcomes you!
You can now depart the Abyss.
You can now bend space around yourself.
You see here a leopard gecko corpse.
Found a stone staircase leading up.
Found a stone staircase leading down.
You now have 103 gold pieces (gained 17).
Are you sure you want to abandon this character and quit the game? (Confirm with "yes".)

..............
...####..
..............
.....#...
..............
.........
..............
....#..# #..........#.
.. .....## ##...#####.
....#.#..# ###......##
#......#####....###.##
##@................
#...........####...
.....#.....###.## ####
#.....###....#..######
#..##.................
##.<...........##..###
> ..#...####### .....
###....## #.## ....
#.#


There were no monsters in sight!

Vanquished Creatures
  Terence (D:2)
  4 adders (D:2)
  An ooze (D:1)
  2 worms
  2 dart slugs
  2 leopard geckos
  An orc (D:3)
  4 giant cockroaches
  3 goblins
  9 hobgoblins
  6 jackals (D:2)
  5 quokkas
  A ball python (D:1)
  6 bats
  2 frilled lizards
  9 kobolds
  12 rats
70 creatures vanquished.

Vanquished Creatures (others)
  4 plants (D:1)
4 creatures vanquished.

Grand Total: 74 creatures vanquished

Notes
Turn   | Place    | Note
-------+----------+-------------------------------------------
     0 | D:1      | jestyr24 the Minotaur Fighter began the quest for the Orb.
     0 | D:1      | Reached XP level 1. HP: 19/19 MP: 0/0
    13 | D:1      | Upgraded the game from 0.27-a0-686-gaed091b46b to
                  | 0.27-a0-695-gb4952372f7
   154 | D:1      | Identified the Papyrus of Weightlessness and Malediction
   181 | D:1      | Reached XP level 2. HP: 26/27 MP: 1/1
   727 | D:1      | Reached XP level 3. HP: 18/33 MP: 2/2
  1791 | D:2      | Reached XP level 4. HP: 40/40 MP: 3/3
  2221 | D:2      | Noticed Terence
  2227 | D:2      | Killed Terence
  2333 | D:3      | Reached skill level 1 in Dodging
  2362 | D:3      | Reached XP level 5. HP: 47/47 MP: 4/4
  2471 | D:3      | Found a faded altar of an unknown god.
  2475 | D:3      | Became a worshipper of Lugonu the Unformed
  2475 | D:3      | Reached * piety under Lugonu
  2475 | D:3      | Reached ** piety under Lugonu
  2531 | D:3      | Quit the game

Illustrated notes

Levels and vault maps discovered:
D:1:      tarquinn_simple_flora_water_d, layout_basic, lexackson_kobold_supper
D:2:      layout_basic, chequers_serial_rivers_small_b, uniq_terence
D:3:      layout_rooms, chequers_ecumenical_altar_twisty

Skill      XL: |  1  2  3  4 |
---------------+-------------+-----
Armour         | 4 |  4.4
Shields        | 4 |  4.4
Fighting       | 4 |  4.5
Long Blades    | 3 4 |  4.2
Dodging        | 1 |  1.0

Action                   |  1- 3 |  4- 6 || total
-------------------------+-------+-------++-------
Melee: Long sword        |   116 |    48 ||   164
       Headbutt          |    26 |    10 ||    36
Armor: Scale mail        |    54 |    19 ||    73
Dodge: Dodged            |    34 |    22 ||    56
Block: Kite shield       |    55 |    26 ||    81
       Rpst.: Long sword |    12 |     7 ||    19

Table legend: (Time is in decaauts)
 A = Elapsed time spent in this place.
 B = Non-inter-level travel time spent in this place.
 C = Inter-level travel time spent in this place.
 D = Time resting spent in this place.
 E = Time spent auto-exploring this place.
 F = Levels seen in this place.
 G = Mean time per level.
                   A        B        C        D        E       F      G
               +--------+--------+--------+--------+--------+-----+--------+
         Total |   2610 |   2579 |     31 |    158 |   1676 |   3 |  870.0 |
       Dungeon |   2610 |   2579 |     31 |    158 |   1676 |   3 |  870.0 |
               +--------+--------+--------+--------+--------+-----+--------+

Top non-repeatable levels by time:
     D:1: 1379 daAuts
     D:2: 987 daAuts
     D:3: 242 daAuts
